[Event "Asian Continental-ch Open 2019"]
[Site "XingTai"]
[Date "2019.06.07"]
[Round "1.1"]
[White "Vidit, Santosh Gujrathi"]
[Black "Dai, Changren"]
[Result "1-0"]
[ECO "D31"]
[WhiteElo "2707"]
[BlackElo "2480"]
[Annotator "RC"]
[PlyCount "57"]
[EventDate "2019.06.06"]
[EventType "swiss"]
[EventCountry "CHN"]
[SourceTitle "playchess.com"]
[Source "ChessBase"]
[SourceQuality "1"]
[TimeControl "40/5400+30:1800+30"]

1. d4 d5 2. c4 e6 3. Nc3 Be7 4. cxd5 exd5 5. Bf4 c6 6. e3 Bf5 7. Nge2 Nd7 8. h4 g6 9. Ng3 Be6 10. Qb3 Qb6 11. Qc2 h5 12. Bd3 Qd8 13. e4 dxe4 14. Ngxe4 Nh6 15. Ng5 Bf5 16. O-O-O Kf8 17. d5 c5 18. d6 Bf6 19. Nd5 Bxd3 20. Rxd3 Nf5 21. Nc7 Nd4 22. Rxd4 cxd4 23. Nxf7 Kxf7 24. Qb3+ Kg7 25. Ne6+ Kh7 26. Ng5+ Kh6 27. Qf7 Rc8+ 28. Kb1 Be5 29. Ne6+ 1-0

[Event "Asian Continental-ch Open 2019"]
[Site "XingTai"]
[Date "2019.06.07"]
[Round "1.4"]
[White "Vignesh N R"]
[Black "Adhiban, B.."]
[Result "1/2-1/2"]
[ECO "C54"]
[WhiteElo "2459"]
[BlackElo "2676"]
[Annotator "ChessBase"]
[PlyCount "71"]
[EventDate "2019.06.06"]
[EventType "swiss"]
[EventCountry "CHN"]
[SourceTitle "playchess.com"]
[Source "ChessBase"]
[SourceQuality "1"]
[TimeControl "40/5400+30:1800+30"]

1. e4 e5 2. Nf3 Nc6 3. Bc4 Nf6 4. d3 Bc5 5. O-O d6 6. c3 a6 7. a4 Ba7 8. Nbd2 O-O 9. h3 Kh8 10. Nb3 Be6 11. Bxe6 fxe6 12. Be3 Bxe3 13. fxe3 d5 14. Nfd2 Qd6 15. Qe2 Rad8 16. Rad1 Ne7 17. d4 Ng6 18. Nc5 Qc6 19. b4 Rde8 20. b5 axb5 21. Qxb5 Qxb5 22. axb5 b6 23. Na6 Rf7 24. Nb4 Kg8 25. Nc6 exd4 26. exd4 e5 27. dxe5 Nxe4 28. Nxe4 dxe4 29. Rfe1 Nf4 30. Rxe4 Ne6 31. Ra4 h5 32. Ra2 Rf4 33. Nd4 Re4 34. Re2 Nc5 35. Rxe4 Nxe4 36. Rd3 1/2-1/2

[Event "Asian Continental-ch Open 2019"]
[Site "XingTai"]
[Date "2019.06.07"]
[Round "1.5"]
[White "Maghsoodloo, Parham"]
[Black "Chen, Qi b"]
[Result "1-0"]
[ECO "A16"]
[WhiteElo "2665"]
[BlackElo "2453"]
[Annotator "ChessBase"]
[PlyCount "87"]
[EventDate "2019.06.06"]
[EventType "swiss"]
[EventCountry "CHN"]
[SourceTitle "playchess.com"]
[Source "ChessBase"]
[SourceQuality "1"]
[TimeControl "40/5400+30:1800+30"]

1. Nf3 Nf6 2. g3 d5 3. Bg2 g6 4. c4 dxc4 5. Qa4+ Nfd7 6. Qxc4 Bg7 7. O-O Nb6 8. Qc2 Nc6 9. Nc3 O-O 10. d3 e5 11. Bg5 Nd4 12. Qd2 f6 13. Bh6 c6 14. Bxg7 Kxg7 15. Ne1 Qe7 16. f4 Bd7 17. e3 Nf5 18. fxe5 Qxe5 19. Nc2 Nd6 20. Rae1 Rae8 21. Nd4 Re7 22. Nf3 Qh5 23. e4 c5 24. Ne2 c4 25. Qb4 Ndc8 26. dxc4 a5 27. Qc3 Qc5+ 28. Ned4 Rfe8 29. Nd2 Re5 30. b3 Nd5 31. Qd3 Nb4 32. Qe3 Nd6 33. N2f3 Rh5 34. e5 Kg8 35. e6 Bc6 36. g4 Bxf3 37. gxh5 Bxg2 38. Kxg2 Qxh5 39. Rxf6 Nc6 40. Nxc6 bxc6 41. Qf4 Nf5 42. Rxf5 Qxf5 43. Qxf5 gxf5 44. Kf3 1-0

[Event "Asian Continental-ch Open 2019"]
[Site "XingTai"]
[Date "2019.06.07"]
[Round "1.6"]
[White "Torre, Eugenio"]
[Black "Nguyen, Ngoc Truong Son"]
[Result "0-1"]
[ECO "D02"]
[WhiteElo "2451"]
[BlackElo "2639"]
[Annotator "ChessBase"]
[PlyCount "84"]
[EventDate "2019.06.06"]
[EventType "swiss"]
[EventCountry "CHN"]
[SourceTitle "playchess.com"]
[Source "ChessBase"]
[SourceQuality "1"]
[TimeControl "40/5400+30:1800+30"]

1. d4 d5 2. Bf4 Nf6 3. e3 e6 4. Nd2 Bd6 5. Ngf3 O-O 6. Bd3 c5 7. c3 Bxf4 8. exf4 Qb6 9. Qc2 Qc7 10. g3 cxd4 11. cxd4 Qxc2 12. Bxc2 Bd7 13. Bd3 Nc6 14. a3 Rfc8 15. Ke2 Rc7 16. Rhc1 Rac8 17. Rc3 Ne7 18. Rac1 Rxc3 19. Rxc3 Rxc3 20. bxc3 Nc8 21. Ne5 Nd6 22. Nxd7 Nxd7 23. Nf1 Nb6 24. Ne3 f5 25. f3 Kf7 26. Kd1 Ke7 27. g4 g6 28. g5 Nbc4 29. Bxc4 Nxc4 30. Nc2 Kd6 31. Kc1 a5 32. a4 Nb6 33. Ne1 Nxa4 34. Kc2 Nb6 35. Nd3 Nc4 36. Nc5 b6 37. Nd3 Kc6 38. h4 Kb5 39. Nc1 Ne3+ 40. Kb3 a4+ 41. Ka3 Nc4+ 42. Ka2 Nd2 0-1

[Event "Asian Continental-ch Open 2019"]
[Site "XingTai"]
[Date "2019.06.07"]
[Round "1.7"]
[White "Jumabayev, Rinat"]
[Black "Bersamina, Paulo"]
[Result "1-0"]
[ECO "E04"]
[WhiteElo "2625"]
[BlackElo "2446"]
[Annotator "ChessBase"]
[PlyCount "87"]
[EventDate "2019.06.06"]
[EventType "swiss"]
[EventCountry "CHN"]
[SourceTitle "playchess.com"]
[Source "ChessBase"]
[SourceQuality "1"]
[TimeControl "40/5400+30:1800+30"]

1. Nf3 Nf6 2. c4 e6 3. g3 d5 4. d4 dxc4 5. Bg2 Bb4+ 6. Bd2 a5 7. Qc2 Bxd2+ 8. Qxd2 c6 9. a4 Ne4 10. Qf4 Qb6 11. O-O Qxb2 12. Na3 Nc3 13. Qe3 Nd5 14. Qe4 Nc3 15. Qe3 Nd5 16. Qe5 O-O 17. Rfb1 Qc3 18. e3 Qd3 19. Bf1 Qg6 20. Nxc4 Rd8 21. Nfd2 Na6 22. Nxa5 Nab4 23. Nac4 Nc2 24. Ra2 Nc3 25. Rbb2 Nxa2 26. Nb6 Nc3 27. Nxa8 Nd5 28. Nb6 f6 29. Qb8 Nxb6 30. Qc7 Re8 31. Qxb6 Ne1 32. Qb3 Qh5 33. e4 Rd8 34. d5 exd5 35. Rb1 Qh6 36. f4 g5 37. Rxe1 gxf4 38. Nf3 fxg3 39. hxg3 Qg7 40. Kf2 Be6 41. Nd4 Bf7 42. Qxb7 dxe4 43. Rxe4 Qg5 44. Qb6 1-0

[Event "Asian Continental-ch Open 2019"]
[Site "XingTai"]
[Date "2019.06.07"]
[Round "1.9"]
[White "Sethuraman, S.P."]
[Black "Raja Harshit"]
[Result "1-0"]
[ECO "B81"]
[WhiteElo "2613"]
[BlackElo "2437"]
[Annotator "ChessBase"]
[PlyCount "81"]
[EventDate "2019.06.06"]
[EventType "swiss"]
[EventCountry "CHN"]
[SourceTitle "playchess.com"]
[Source "ChessBase"]
[SourceQuality "1"]
[TimeControl "40/5400+30:1800+30"]

1. e4 c5 2. Nf3 d6 3. d4 cxd4 4. Nxd4 Nf6 5. Nc3 a6 6. h3 e6 7. g4 h6 8. Bg2 Be7 9. Be3 Nc6 10. f4 Nd7 11. Nf3 b5 12. O-O Bb7 13. a4 b4 14. Ne2 Na5 15. Nd2 O-O 16. Ng3 Rc8 17. Rc1 Nb6 18. b3 d5 19. Qe2 Bc5 20. f5 Bxe3+ 21. Qxe3 Rc3 22. Qf2 e5 23. Ne2 Rc8 24. f6 Qxf6 25. Qxf6 gxf6 26. Rxf6 Rc6 27. Rxc6 Bxc6 28. c3 bxc3 29. Rxc3 dxe4 30. Nxe4 Ba8 31. b4 Bxe4 32. Bxe4 Nac4 33. a5 Nd6 34. Bg2 Nbc4 35. Bd5 Rc8 36. Ng3 Kf8 37. Nf5 Nxf5 38. gxf5 Nd6 39. Rxc8+ Nxc8 40. Bb7 Ne7 41. b5 1-0

[Event "Asian Continental-ch Open 2019"]
[Site "XingTai"]
[Date "2019.06.07"]
[Round "1.10"]
[White "Nguyen, Duc Hoa"]
[Black "Gupta, Abhijeet"]
[Result "0-1"]
[ECO "D91"]
[WhiteElo "2436"]
[BlackElo "2606"]
[Annotator "ChessBase"]
[PlyCount "80"]
[EventDate "2019.06.06"]
[EventType "swiss"]
[EventCountry "CHN"]
[SourceTitle "playchess.com"]
[Source "ChessBase"]
[SourceQuality "1"]
[TimeControl "40/5400+30:1800+30"]

1. d4 Nf6 2. c4 g6 3. Nc3 d5 4. Nf3 Bg7 5. Bg5 Ne4 6. Bh4 Nxc3 7. bxc3 dxc4 8. e3 b5 9. a4 c6 10. Qb1 a6 11. Be2 O-O 12. O-O Re8 13. Rd1 Nd7 14. d5 cxd5 15. axb5 Nb6 16. Qb4 Qc7 17. Ra5 e5 18. Qa3 h6 19. Bg3 f5 20. h3 f4 21. Bh2 Qe7 22. Qa2 g5 23. bxa6 Be6 24. Rb1 Reb8 25. a7 Rb7 26. Ra6 Qc7 27. Ra1 Bf7 28. h4 g4 29. Nd2 g3 30. fxg3 fxe3 31. Nf1 Nc8 32. Bg4 Raxa7 33. Qe2 Rxa6 34. Rxa6 d4 35. Bf3 Rb6 36. Ra8 Rb8 37. Ra2 Nd6 38. g4 Nb5 39. Qc2 d3 40. Qc1 Qc5 0-1

[Event "Asian Continental-ch Open 2019"]
[Site "XingTai"]
[Date "2019.06.07"]
[Round "1.11"]
[White "Nihal Sarin"]
[Black "Laylo, Darwin"]
[Result "1-0"]
[ECO "A45"]
[WhiteElo "2606"]
[BlackElo "2433"]
[Annotator "ChessBase"]
[PlyCount "87"]
[EventDate "2019.06.06"]
[EventType "swiss"]
[EventCountry "CHN"]
[SourceTitle "playchess.com"]
[Source "ChessBase"]
[SourceQuality "1"]
[TimeControl "40/5400+30:1800+30"]

1. d4 Nf6 2. Bf4 c5 3. d5 d6 4. Nc3 e5 5. Bd2 a6 6. a4 Bf5 7. e3 h5 8. h4 Ne4 9. Bd3 Nxc3 10. Bxc3 Bxd3 11. Qxd3 Nd7 12. a5 g6 13. Nf3 Bg7 14. e4 O-O 15. Ng5 Nf6 16. g3 Nh7 17. Bd2 Nxg5 18. hxg5 f5 19. gxf6 Qxf6 20. Qe2 Rf7 21. Ra3 Raf8 22. Rh2 Qd8 23. g4 h4 24. g5 Rf4 25. Bxf4 Rxf4 26. Rg2 Qd7 27. Kf1 Bf8 28. Kg1 Be7 29. Rf3 h3 30. Rxf4 hxg2 31. Qg4 Qxg4 32. Rxg4 Bd8 33. Kxg2 Bxa5 34. Rg3 Bd8 35. c4 Kf7 36. Rb3 b5 37. cxb5 axb5 38. Rxb5 Bxg5 39. Rb7+ Be7 40. Kf3 Ke8 41. Ke2 Kf7 42. Kd3 Kf6 43. Kc4 g5 44. f3 1-0

[Event "Asian Continental-ch Open 2019"]
[Site "XingTai"]
[Date "2019.06.07"]
[Round "1.12"]
[White "Battulga, Namkhai"]
[Black "Narayanan.S.L"]
[Result "0-1"]
[ECO "B92"]
[WhiteElo "2425"]
[BlackElo "2603"]
[Annotator "ChessBase"]
[PlyCount "82"]
[EventDate "2019.06.06"]
[EventType "swiss"]
[EventCountry "CHN"]
[SourceTitle "playchess.com"]
[Source "ChessBase"]
[SourceQuality "1"]
[TimeControl "40/5400+30:1800+30"]

1. e4 c5 2. Nf3 d6 3. d4 cxd4 4. Nxd4 Nf6 5. Nc3 a6 6. Be2 e5 7. Nb3 Be7 8. O-O O-O 9. Be3 Be6 10. Qd2 Nbd7 11. a4 Rc8 12. Rfd1 Qc7 13. a5 Rfd8 14. Qe1 h6 15. h3 Qc6 16. Bf3 Nf8 17. Bb6 Re8 18. Kh2 N8h7 19. Rd2 Ng5 20. Qe3 Nxf3+ 21. Qxf3 Nd7 22. Nd5 Bxd5 23. exd5 Qb5 24. Be3 Nf6 25. Qd1 Rc4 26. Rd3 Rec8 27. c3 Ra4 28. Rxa4 Qxa4 29. Bb6 Nd7 30. Be3 Bd8 31. g3 Rc4 32. Kg2 Bxa5 33. Nxa5 Qxa5 34. b3 Rc7 35. Qg4 Nf6 36. Qh4 e4 37. Rd1 Qb5 38. Rd4 Rxc3 39. Bxh6 Qe2 40. Qg5 Nh5 41. Rc4 Rxg3+ 0-1

[Event "Asian Continental-ch Open 2019"]
[Site "XingTai"]
[Date "2019.06.07"]
[Round "1.13"]
[White "Vaibhav, Suri"]
[Black "Zou, Chen"]
[Result "0-1"]
[ECO "C54"]
[WhiteElo "2599"]
[BlackElo "2415"]
[Annotator "ChessBase"]
[PlyCount "72"]
[EventDate "2019.06.06"]
[EventType "swiss"]
[EventCountry "CHN"]
[SourceTitle "playchess.com"]
[Source "ChessBase"]
[SourceQuality "1"]
[TimeControl "40/5400+30:1800+30"]

1. e4 e5 2. Nf3 Nc6 3. Bc4 Bc5 4. O-O Nf6 5. d3 d6 6. c3 a6 7. a4 Ba7 8. Na3 h6 9. Nc2 O-O 10. Be3 Re8 11. b4 Ne7 12. Re1 Bxe3 13. Nxe3 Ng6 14. Qb3 Be6 15. Bxe6 Rxe6 16. a5 Qd7 17. c4 Ree8 18. g3 c6 19. Nf5 Ne7 20. Ne3 Ng6 21. Rad1 Rad8 22. Kg2 d5 23. c5 Qe6 24. Qc2 Rd7 25. Nf5 Red8 26. Nd6 Nf4+ 27. Kh1 Qh3 28. Rg1 Nxd3 29. Rxd3 dxe4 30. Nxe5 exd3 31. Qc4 Qh5 32. Qd4 Re7 33. f4 Rxe5 34. fxe5 Qf3+ 35. Rg2 Ng4 36. Qf4 Nf2+ 0-1

[Event "Asian Continental-ch Open 2019"]
[Site "XingTai"]
[Date "2019.06.07"]
[Round "1.14"]
[White "Garcia, Jan Emmanuel"]
[Black "Aravindh, Chithambaram VR."]
[Result "1/2-1/2"]
[ECO "D79"]
[WhiteElo "2413"]
[BlackElo "2598"]
[Annotator "ChessBase"]
[PlyCount "88"]
[EventDate "2019.06.06"]
[EventType "swiss"]
[EventCountry "CHN"]
[SourceTitle "playchess.com"]
[Source "ChessBase"]
[SourceQuality "1"]
[TimeControl "40/5400+30:1800+30"]

1. Nf3 d5 2. g3 g6 3. Bg2 Bg7 4. d4 Nf6 5. c4 c6 6. cxd5 cxd5 7. Ne5 O-O 8. O-O e6 9. Nc3 Bd7 10. e3 Nc6 11. Nxd7 Qxd7 12. b3 Rfc8 13. Bb2 Ne7 14. Qd3 Nf5 15. Rfc1 h5 16. h3 Bf8 17. Rc2 Rc6 18. Rac1 Rac8 19. Ne2 Bd6 20. Rxc6 Rxc6 21. Rxc6 Qxc6 22. Nc3 a6 23. e4 dxe4 24. Nxe4 Nxe4 25. Bxe4 Qc8 26. Qc3 Qxc3 27. Bxc3 b6 28. Kg2 Ne7 29. Bb7 a5 30. Kf3 Kf8 31. a4 Ke8 32. Bd2 f6 33. Be3 Bc7 34. Ba6 Kf7 35. Bc4 g5 36. g4 hxg4+ 37. hxg4 Nd5 38. Bxd5 exd5 39. Ke2 Ke6 40. f3 Bd8 41. Kd3 f5 42. Bg1 f4 43. Bf2 Be7 44. Be1 Bb4 1/2-1/2

[Event "Asian Continental-ch Open 2019"]
[Site "XingTai"]
[Date "2019.06.07"]
[Round "1.15"]
[White "Idani, Pouya"]
[Black "Zhang, Ziji"]
[Result "1/2-1/2"]
[ECO "C70"]
[WhiteElo "2597"]
[BlackElo "2408"]
[Annotator "ChessBase"]
[PlyCount "39"]
[EventDate "2019.06.06"]
[EventType "swiss"]
[EventCountry "CHN"]
[SourceTitle "playchess.com"]
[Source "ChessBase"]
[SourceQuality "1"]
[TimeControl "40/5400+30:1800+30"]

1. e4 e5 2. Nf3 Nc6 3. Bb5 a6 4. Ba4 Nge7 5. c3 g6 6. d4 exd4 7. cxd4 b5 8. d5 bxa4 9. dxc6 Nxc6 10. Qxa4 Bg7 11. O-O O-O 12. Nc3 Ne7 13. Rd1 d6 14. e5 Bb7 15. exd6 cxd6 16. Nd4 Qc8 17. Bf4 Rd8 18. Rac1 Qg4 19. Bg3 h5 20. f3 1/2-1/2

[Event "Asian Continental-ch Open 2019"]
[Site "XingTai"]
[Date "2019.06.07"]
[Round "1.16"]
[White "Harshavardhan G B"]
[Black "Karthikeyan, Murali"]
[Result "0-1"]
[ECO "E11"]
[WhiteElo "2406"]
[BlackElo "2593"]
[Annotator "ChessBase"]
[PlyCount "82"]
[EventDate "2019.06.06"]
[EventType "swiss"]
[EventCountry "CHN"]
[SourceTitle "playchess.com"]
[Source "ChessBase"]
[SourceQuality "1"]
[TimeControl "40/5400+30:1800+30"]

1. d4 Nf6 2. c4 Nc6 3. Nf3 e6 4. g3 Bb4+ 5. Bd2 Qe7 6. Nc3 O-O 7. Bg2 d6 8. a3 Bxc3 9. Bxc3 Ne4 10. Rc1 a5 11. d5 Nd8 12. O-O a4 13. Nd2 Nxc3 14. Rxc3 e5 15. f4 f5 16. e4 fxe4 17. Bxe4 g6 18. Qc2 Bh3 19. Rf2 Qf6 20. Rcf3 Nf7 21. c5 Bg4 22. fxe5 Qxe5 23. Rf4 Ng5 24. Rxf8+ Rxf8 25. Rxf8+ Kxf8 26. cxd6 Qd4+ 27. Kf1 Qe3 28. Nc4 Bh3+ 29. Bg2 Bxg2+ 30. Qxg2 Qc1+ 31. Kf2 Qxc4 32. dxc7 Qxc7 33. Ke3 Nf7 34. Qd2 Qe5+ 35. Kf2 Nd6 36. Qb4 Qxd5 37. Qxa4 Qd2+ 38. Kf1 Qxb2 39. Qd7 Qb1+ 40. Kg2 Qc2+ 41. Kg1 Qc5+ 0-1

[Event "Asian Continental-ch Open 2019"]
[Site "XingTai"]
[Date "2019.06.08"]
[Round "2.11"]
[White "Xu, Xiangyu"]
[Black "Krishna C R G"]
[Result "1/2-1/2"]
[ECO "D15"]
[WhiteElo "2583"]
[BlackElo "2481"]
[Annotator "ChessBase"]
[PlyCount "62"]
[EventDate "2019.06.06"]
[EventType "swiss"]
[EventCountry "CHN"]
[SourceTitle "playchess.com"]
[Source "ChessBase"]
[SourceQuality "1"]
[TimeControl "40/5400+30:1800+30"]

1. d4 d5 2. c4 c6 3. Nf3 Nf6 4. Nc3 a6 5. c5 Nbd7 6. Bf4 Nh5 7. Bd2 g6 8. Qc2 Bg7 9. g4 Nhf6 10. g5 Nh5 11. e4 dxe4 12. Nxe4 Nf8 13. Be3 Bg4 14. Ne5 Bf5 15. O-O-O Qc7 16. Be2 Ne6 17. Bxh5 gxh5 18. Nxf7 Rf8 19. Ne5 Bxe5 20. dxe5 Qxe5 21. f3 Bg6 22. Rhf1 Nxg5 23. Qd2 Nxe4 24. fxe4 Rxf1 25. Qd7+ Kf7 26. Rxf1+ Kg8 27. Qxb7 Rb8 28. Bh6 Bxe4 29. Qb3+ e6 30. Qg3+ Qxg3 31. hxg3 Bf5 1/2-1/2

[Event "Asian Continental-ch Open 2019"]
[Site "XingTai"]
[Date "2019.06.08"]
[Round "2.12"]
[White "Aryan Chopra"]
[Black "Rahul Srivatshav P"]
[Result "1/2-1/2"]
[ECO "B12"]
[WhiteElo "2553"]
[BlackElo "2395"]
[Annotator "ChessBase"]
[PlyCount "84"]
[EventDate "2019.06.06"]
[EventType "swiss"]
[EventCountry "CHN"]
[SourceTitle "playchess.com"]
[Source "ChessBase"]
[SourceQuality "1"]
[TimeControl "40/5400+30:1800+30"]

1. e4 c6 2. d4 d5 3. e5 Bf5 4. Be3 e6 5. Nd2 Nd7 6. Ngf3 Qc7 7. Nh4 Ne7 8. g4 Bg6 9. Nxg6 hxg6 10. f4 c5 11. c3 Nc6 12. Nf3 Be7 13. a3 O-O-O 14. b4 cxd4 15. cxd4 a6 16. Rc1 Kb8 17. Bd3 b5 18. a4 Qb7 19. axb5 axb5 20. O-O Na7 21. f5 gxf5 22. gxf5 Nb6 23. Ng5 Bxg5 24. Bxg5 Rc8 25. Qg4 Rxc1 26. Bxc1 Qc8 27. Kh1 Qc3 28. Qxg7 Qxd3 29. Qxh8+ Kb7 30. Re1 Qf3+ 31. Kg1 Qg4+ 32. Kf2 Qxf5+ 33. Kg3 Qd3+ 34. Kh4 Qxd4+ 35. Kg3 Qd3+ 36. Kg2 Qc2+ 37. Kh1 Qf2 38. Rg1 Qf3+ 39. Rg2 Qf1+ 40. Rg1 Qf3+ 41. Rg2 Qf1+ 42. Rg1 Qf3+ {[%emt 0:34:08] Kg2 Qd3 Re1 Nc6} 1/2-1/2

[Event "Asian Continental-ch Open 2019"]
[Site "XingTai"]
[Date "2019.06.09"]
[Round "3.7"]
[White "Li, Di"]
[Black "Lu, Shanglei"]
[Result "0-1"]
[ECO "D23"]
[WhiteElo "2535"]
[BlackElo "2624"]
[Annotator "RC"]
[PlyCount "100"]
[EventDate "2019.06.06"]
[EventType "swiss"]
[EventCountry "CHN"]
[SourceTitle "playchess.com"]
[Source "ChessBase"]
[SourceQuality "1"]
[TimeControl "40/5400+30:1800+30"]

1. Nf3 Nf6 2. d4 d5 3. c4 c6 4. Qc2 dxc4 5. Qxc4 Bf5 6. g3 e6 7. Bg2 Nbd7 8. O-O Be7 9. e3 O-O 10. Qe2 Qc7 11. Nc3 Ne4 12. Nh4 Bxh4 13. gxh4 Nxc3 14. bxc3 e5 15. e4 Be6 16. Ba3 Rfe8 17. d5 cxd5 18. exd5 Bf5 19. Qf3 g6 20. Qg3 Qc4 21. Rfe1 Rac8 22. d6 e4 23. Bc1 Ne5 24. Be3 Qxc3 25. Bxa7 Nd3 26. Red1 Rc6 27. Rab1 Qa3 28. Be3 Rxd6 29. Rf1 h5 30. Rxb7 Rde6 31. Rb5 Re5 32. Rb6 Qxa2 33. Qg5 R5e6 34. Rxe6 Qxe6 35. Rb1 Ne5 36. Qg3 Qa2 37. Rc1 Nd3 38. Rf1 Bg4 39. Kh1 Qe2 40. Rb1 Ne1 41. h3 Bf3 42. Bxf3 Qf1+ 43. Kh2 Nxf3+ 44. Qxf3 Qxb1 45. Qf6 Qb8+ 46. Bf4 Qd8 47. Qc6 Re6 48. Qc5 Qf6 49. Qe3 Qf5 50. Qg3 Kh7 0-1

[Event "Asian Continental-ch Open 2019"]
[Site "XingTai"]
[Date "2019.06.09"]
[Round "3.12"]
[White "Lalith Babu M R"]
[Black "Zou, Chen"]
[Result "1/2-1/2"]
[ECO "E11"]
[WhiteElo "2571"]
[BlackElo "2415"]
[Annotator "RC"]
[PlyCount "65"]
[EventDate "2019.06.06"]
[EventType "swiss"]
[EventCountry "CHN"]
[SourceTitle "playchess.com"]
[Source "ChessBase"]
[SourceQuality "1"]
[TimeControl "40/5400+30:1800+30"]

1. d4 Nf6 2. c4 e6 3. Nf3 d5 4. g3 Bb4+ 5. Bd2 Be7 6. Bg2 O-O 7. O-O c6 8. Qc2 Nbd7 9. Rd1 b6 10. b3 Bb7 11. Nc3 Rc8 12. e4 dxe4 13. Nxe4 c5 14. Nxf6+ Nxf6 15. Bc3 cxd4 16. Bxd4 Be4 17. Qe2 Qc7 18. Ne5 Bxg2 19. Kxg2 Rfd8 20. Bb2 Nd7 21. Nxd7 Rxd7 22. Rxd7 Qxd7 23. Rd1 Qc6+ 24. Qf3 Qxf3+ 25. Kxf3 Rc7 26. Be5 Rb7 27. Ke2 f6 28. Bd6 Kf7 29. Bxe7 Kxe7 30. Ke3 Rc7 31. Rd2 Rc8 32. Rd1 Rc7 33. Ke4 1/2-1/2

[Event "Asian Continental-ch Open 2019"]
[Site "XingTai"]
[Date "2019.06.09"]
[Round "3.17"]
[White "Jumabayev, Rinat"]
[Black "Raja, Harshit"]
[Result "1-0"]
[ECO "B23"]
[WhiteElo "2625"]
[BlackElo "2437"]
[Annotator "RC"]
[PlyCount "73"]
[EventDate "2019.06.06"]
[EventType "swiss"]
[EventCountry "CHN"]
[SourceTitle "playchess.com"]
[Source "ChessBase"]
[SourceQuality "1"]
[TimeControl "40/5400+30:1800+30"]

1. e4 c5 2. Nc3 d6 3. d4 cxd4 4. Qxd4 Nc6 5. Qd2 g6 6. b3 Bh6 7. f4 Nf6 8. Bb2 O-O 9. O-O-O a5 10. a4 Nb4 11. Kb1 Qb6 12. Nf3 Bd7 13. h4 Rac8 14. Ng5 Bg7 15. Rc1 Ng4 16. Bb5 Bxb5 17. Nxb5 Bxb2 18. Kxb2 Qe3 19. Rhd1 h6 20. Nf3 Qxe4 21. Nfd4 Qe3 22. Qxe3 Nxe3 23. Re1 Ned5 24. f5 Rfe8 25. Rcd1 Nf6 26. fxg6 fxg6 27. Re6 Kf7 28. Rf1 Kg7 29. Nxd6 exd6 30. Rfxf6 Rxe6 31. Rxe6 Rf8 32. Rxd6 Rf2 33. g4 Nd3+ 34. Kc3 Nc5 35. Kc4 Ne4 36. Rb6 Kf8 37. Rxg6 1-0

[Event "Asian Continental-ch Open 2019"]
[Site "XingTai"]
[Date "2019.06.10"]
[Round "4.1"]
[White "Karthikeyan, Murali"]
[Black "Sethuraman, S.P."]
[Result "1/2-1/2"]
[ECO "C67"]
[WhiteElo "2593"]
[BlackElo "2613"]
[Annotator "RC"]
[PlyCount "74"]
[EventDate "2019.06.06"]
[EventType "swiss"]
[EventCountry "CHN"]
[SourceTitle "playchess.com"]
[Source "ChessBase"]
[SourceQuality "1"]
[TimeControl "40/5400+30:1800+30"]

1. e4 e5 2. Nf3 Nc6 3. Bb5 Nf6 4. O-O Nxe4 5. d4 Nd6 6. Bxc6 dxc6 7. dxe5 Nf5 8. Qxd8+ Kxd8 9. Rd1+ Ke8 10. Nc3 Ne7 11. h3 Ng6 12. Ne2 Be7 13. Be3 Be6 14. Ned4 Bd7 15. a4 a5 16. Rd2 h5 17. Rad1 Nf8 18. Bg5 c5 19. Nb5 Bxb5 20. axb5 f6 21. exf6 gxf6 22. Be3 h4 23. Re1 Kf7 24. Bf4 Rc8 25. Kf1 c4 26. Rd4 Rh5 27. Rxc4 Rxb5 28. b3 Ng6 29. Bxc7 Rb4 30. Bxa5 Rbxc4 31. bxc4 Rxc4 32. Rc1 b5 33. Bd2 b4 34. Ke2 Rc8 35. g3 hxg3 36. fxg3 Bd6 37. Kf2 Ne7 1/2-1/2

[Event "Asian Continental-ch Open 2019"]
[Site "XingTai"]
[Date "2019.06.10"]
[Round "4.2"]
[White "Gupta, Abhijeet"]
[Black "Firouzja, Alireza"]
[Result "0-1"]
[ECO "E04"]
[WhiteElo "2606"]
[BlackElo "2682"]
[Annotator "RC"]
[PlyCount "78"]
[EventDate "2019.06.06"]
[EventType "swiss"]
[EventCountry "CHN"]
[SourceTitle "playchess.com"]
[Source "ChessBase"]
[SourceQuality "1"]
[TimeControl "40/5400+30:1800+30"]

1. d4 d5 2. c4 c6 3. Nf3 Nf6 4. Nc3 e6 5. g3 dxc4 6. Ne5 b5 7. Bg2 a6 8. O-O Bb7 9. b3 b4 10. Ne4 Nxe4 11. Bxe4 c3 12. a3 a5 13. axb4 Bxb4 14. Ra4 O-O 15. Ba3 Qe7 16. Qc1 Rd8 17. e3 c5 18. Bxb7 Qxb7 19. dxc5 Na6 20. Nc4 Nxc5 21. Nxa5 Rxa5 22. Rxb4 Qa7 23. Rd4 Rxd4 24. Bxc5 Rxc5 25. exd4 Rc8 26. Qe3 Qa3 27. Rc1 c2 28. Kf1 h6 29. Ke2 Rc3 30. Qf4 Qxb3 31. Qe4 Rc8 32. Qd3 Rc3 33. Qe4 Qc4+ 34. Ke1 Rd3 35. Qa8+ Kh7 36. Qe4+ f5 37. Qe2 Qc3+ 38. Kf1 Rd2 39. Qxe6 Qf3 0-1

[Event "Asian Continental-ch Open 2019"]
[Site "XingTai"]
[Date "2019.06.10"]
[Round "4.11"]
[White "Narayanan.S.L"]
[Black "Ma, Zhonghan"]
[Result "1-0"]
[ECO "E12"]
[WhiteElo "2603"]
[BlackElo "2488"]
[Annotator "RC"]
[PlyCount "75"]
[EventDate "2019.06.06"]
[EventType "swiss"]
[EventCountry "CHN"]
[SourceTitle "playchess.com"]
[Source "ChessBase"]
[SourceQuality "1"]
[TimeControl "40/5400+30:1800+30"]

1. d4 Nf6 2. c4 e6 3. Nf3 b6 4. a3 Bb7 5. Nc3 d5 6. cxd5 Nxd5 7. e3 Be7 8. Bb5+ c6 9. Bd3 c5 10. e4 Nxc3 11. bxc3 Nc6 12. O-O cxd4 13. cxd4 O-O 14. Bb2 Bf6 15. e5 Be7 16. Qc2 h6 17. Qe2 Qd5 18. Rad1 Na5 19. Ne1 Rac8 20. f4 f5 21. exf6 Bxf6 22. Nc2 Nc4 23. Ba1 b5 24. Qg4 Rce8 25. Qg6 Rf7 26. Rfe1 Kf8 27. Re2 Qd6 28. Qh7 Bd5 29. Rf1 Ke7 30. Bg6 Ref8 31. f5 Bh4 32. Bc3 a5 33. Nb4 Nxa3 34. Nxd5+ Qxd5 35. Bxf7 Rxf7 36. Rxe6+ Kd7 37. Qg8 Rxf5 38. Qe8+ 1-0

[Event "Asian Continental-ch Open 2019"]
[Site "XingTai"]
[Date "2019.06.10"]
[Round "4.14"]
[White "Rahul Srivatshav P"]
[Black "Lalith Babu M R"]
[Result "0-1"]
[ECO "A37"]
[WhiteElo "2395"]
[BlackElo "2571"]
[Annotator "RC"]
[PlyCount "118"]
[EventDate "2019.06.06"]
[EventType "swiss"]
[EventCountry "CHN"]
[SourceTitle "playchess.com"]
[Source "ChessBase"]
[SourceQuality "1"]
[TimeControl "40/5400+30:1800+30"]

1. c4 c5 2. Nf3 g6 3. Nc3 Bg7 4. g3 Nc6 5. Bg2 d6 6. O-O Bf5 7. b3 Qd7 8. Bb2 h5 9. h4 Nh6 10. Re1 Bg4 11. d3 Nf5 12. Nh2 Nh6 13. Nf3 Bh3 14. Bh1 Nf5 15. Qd2 Bg4 16. Nh2 O-O-O 17. Nd5 Bxb2 18. Qxb2 e6 19. Nf6 Qc7 20. a3 Ne5 21. b4 Bh3 22. Ne4 b6 23. a4 Kd7 24. Ng5 Bg4 25. f4 f6 26. Ne4 Nc6 27. bxc5 dxc5 28. a5 Nxa5 29. Nxf6+ Kc8 30. Qb5 Nxg3 31. Qa6+ Kb8 32. Nhxg4 hxg4 33. Rxa5 Nxh1 34. Rb1 Ng3 35. Rxb6+ Qxb6 36. Rb5 Rd6 37. Rxb6+ axb6 38. Kf2 Nf5 39. Ne4 g3+ 40. Kg2 Rc6 41. Nxc5 Rh7 42. Qb5 Nd4 43. Qb2 Nf5 44. Qe5+ Ka7 45. Qa1+ Kb8 46. Na6+ Kb7 47. Nb4 Rxh4 48. Qa6+ Kc7 49. Nxc6 Rh2+ 50. Kg1 Ne3 51. Qa7+ Kxc6 52. Qa8+ Kc7 53. Qf3 Nf5 54. e4 Rf2 55. Qg4 Rf1+ 56. Kxf1 Ne3+ 57. Ke2 Nxg4 58. Kf3 Nf2 59. d4 Nxe4 0-1